NCAA
PURDUE BOILERMAKERS @ ARIZONA WILDCATS
04/05/2029
 
TOP OF THE 1ST
Purdue Boilermakers batting - Pitching for Arizona Wildcats : RHP Kenny Gray
Pitching: RHP Kenny Gray
Batting: LHB Harry Hamilton 0-0: Ball
1-0: Swinging Strike
1-1: Called Strike
1-2: Foul Ball, location: 2F
1-2: Hit by Pitch
Batting: RHB Rafael Castro 0-0: Ball
1-0: Ball
2-0: Ball
3-0: Called Strike
3-1: Base on Balls
Harry Hamilton to second
Batting: SHB Bryan Atkins 0-0: Ball
1-0: Ball
2-0: Called Strike
2-1: 3-RUN HOME RUN (Flyball, 8LD), Distance : 383 ft
Batting: RHB Mark Jackson 0-0: Ball
1-0: Called Strike
1-1: Foul Ball, location: 2F
1-2: Fly out, F8 (Flyball, 89M)
Batting: RHB Brian McCoy 0-0: Called Strike
0-1: Ball
1-1: Foul Ball, location: 2F
1-2: Ball
2-2: Fly out, F3 (Popup, 3SF)
Batting: RHB Mark Jordan 0-0: Called Strike
0-1: Ball
1-1: Foul Ball, location: 2F
1-2: Ball
2-2: Foul Ball, location: 2F
2-2: Ball
3-2: Foul Ball, location: 2F
3-2: Fly out, F8 (Flyball, 8RS)
Top of the 1st over - 3 runs, 1 hit, 0 errors, 0 left on base; Purdue 3 - Arizona 0
BOTTOM OF THE 1ST
Arizona Wildcats batting - Pitching for Purdue Boilermakers : RHP Ken Jones
Pitching: RHP Ken Jones
Batting: RHB José Luján 0-0: Foul Ball, location: 2F
0-1: Foul Ball, location: 2F
0-2: Strikes out looking
Batting: RHB Edison Jones 0-0: Ball
1-0: Called Strike
1-1: Called Strike
1-2: Ball
2-2: Foul Ball, location: 2F
2-2: Strikes out swinging
Batting: RHB Jon Hartley 0-0: Ball
1-0: Called Strike
1-1: Called Strike
1-2: Ball
2-2: Ball
3-2: Fly out, F8 (Flyball, 8RM)
Bottom of the 1st over - 0 runs, 0 hits, 0 errors, 0 left on base; Purdue 3 - Arizona 0
TOP OF THE 2ND
Purdue Boilermakers batting - Pitching for Arizona Wildcats : RHP Kenny Gray
Batting: RHB Lee Justice 0-0: Called Strike
0-1: Ball
1-1: Ball
2-1: Ball
3-1: Foul Ball, location: 2F
3-2: Base on Balls
Batting: RHB Dan Osborne 0-0: Ball
1-0: Called Strike
1-1: Foul Ball, location: 2F
1-2: Strikes out looking
Batting: RHB Enrique Benítez 0-0: Ball
1-0: Called Strike
1-1: Called Strike
1-2: Strikes out swinging
Batting: LHB Harry Hamilton 0-0: Foul Ball, location: 2F
0-1: Called Strike
0-2: Foul Ball, location: 2F
0-2: Ball
Lee Justice steals 2nd base
1-2: Foul Ball, location: 2F
1-2: Foul Ball, location: 2F
1-2: Foul Ball, location: 2F
1-2: Ball
2-2: Strikes out swinging
Top of the 2nd over - 0 runs, 0 hits, 0 errors, 1 left on base; Purdue 3 - Arizona 0
BOTTOM OF THE 2ND
Arizona Wildcats batting - Pitching for Purdue Boilermakers : RHP Ken Jones
Batting: SHB José Acevedo 0-0: Called Strike
0-1: Ball
1-1: Swinging Strike
1-2: Ball
2-2: Strikes out looking
Batting: RHB Thomas Bravo 0-0: Ball
1-0: Called Strike
1-1: Called Strike
1-2: Strikes out looking
Batting: RHB Tom Rose 0-0: Called Strike
0-1: Foul Ball, location: 2F
0-2: Foul Ball, location: 2F
0-2: Ball
1-2: Foul Ball, location: 2F
1-2: Strikes out swinging
Bottom of the 2nd over - 0 runs, 0 hits, 0 errors, 0 left on base; Purdue 3 - Arizona 0
TOP OF THE 3RD
Purdue Boilermakers batting - Pitching for Arizona Wildcats : RHP Kenny Gray
Batting: RHB Rafael Castro 0-0: Called Strike
0-1: Ball
1-1: Reached on error, E5 (Groundball, 56)
Batting: SHB Bryan Atkins 0-0: Foul Ball, location: 2F
0-1: Ball
1-1: Ball
2-1: Swinging Strike
2-2: Fly out, F7 (Flyball, 78D)
Batting: RHB Mark Jackson 0-0: Called Strike
0-1: Called Strike
0-2: Foul Ball, location: 2F
0-2: Fly out, F9 (Line Drive, 9)
Batting: RHB Brian McCoy 0-0: Ball
1-0: Fly out, F4 (Line Drive, 4)
Top of the 3rd over - 0 runs, 0 hits, 1 error, 1 left on base; Purdue 3 - Arizona 0
BOTTOM OF THE 3RD
Arizona Wildcats batting - Pitching for Purdue Boilermakers : RHP Ken Jones
Batting: SHB Andrew Walters 0-0: Called Strike
0-1: SINGLE (Line Drive, 56D)
Batting: RHB Nate Fisher 0-0: Fly out, F7 (Line Drive, 7)
Batting: RHB Sergio Genera 0-0: Foul Ball, location: 2F
0-1: Swinging Strike
0-2: Foul Ball, location: 2F
0-2: Foul Ball, location: 2F
0-2: Strikes out swinging
Batting: RHB José Luján 0-0: Ball
1-0: Ball
2-0: Ball
3-0: Base on Balls
Andrew Walters to second
Batting: RHB Edison Jones 0-0: SINGLE (Groundball, 56D)
Andrew Walters to third
José Luján to second
Runner from 3rd tries for Home, SAFE, throw made home
Batting: RHB Jon Hartley 0-0: Foul Ball, location: 2F
0-1: Ball
Pickoff Throw to Second - Error! E1
José Luján to third
Edison Jones to second
1-1: Called Strike
1-2: Strikes out swinging
Bottom of the 3rd over - 1 run, 2 hits, 1 error, 2 left on base; Purdue 3 - Arizona 1
TOP OF THE 4TH
Purdue Boilermakers batting - Pitching for Arizona Wildcats : RHP Kenny Gray
Batting: RHB Mark Jordan 0-0: Ball
1-0: Called Strike
1-1: Foul Ball, location: 2F
1-2: Ball
2-2: Foul Ball, location: 2F
2-2: Strikes out swinging
Batting: RHB Lee Justice 0-0: Called Strike
0-1: Called Strike
0-2: Ball
1-2: Ball
2-2: Ball
3-2: Strikes out swinging
Batting: RHB Dan Osborne 0-0: Ball
1-0: Called Strike
1-1: Called Strike
1-2: Ball
2-2: Foul Ball, location: 2F
2-2: SINGLE (Flyball, 9S)
Pitching: RHP Carl Hart
Batting: RHB Enrique Benítez 0-0: Ball
1-0: Swinging Strike
1-1: Fielders Choice at 2nd, 6-4 (Groundball, 6)
Top of the 4th over - 0 runs, 1 hit, 0 errors, 1 left on base; Purdue 3 - Arizona 1
BOTTOM OF THE 4TH
Arizona Wildcats batting - Pitching for Purdue Boilermakers : RHP Ken Jones
Batting: SHB José Acevedo 0-0: Called Strike
0-1: Hit by Pitch
Batting: RHB Thomas Bravo 0-0: Foul Ball, location: 2F
0-1: Ball
1-1: Foul Ball, location: 2F
1-2: Fly out, F3 (Popup, 34S)
Batting: RHB Tom Rose 0-0: Ball
1-0: Foul Ball, location: 2F
1-1: Ball
2-1: SINGLE (Line Drive, 7LS)
José Acevedo to second
Batting: SHB Andrew Walters 0-0: Ball
1-0: Swinging Strike
1-1: Ball
2-1: SINGLE (Flyball, 89S)
José Acevedo to third
Tom Rose to second
Batting: RHB Nate Fisher 0-0: Called Strike
0-1: Swinging Strike
0-2: Ball
1-2: Strikes out swinging
Batting: RHB Sergio Genera 0-0: Called Strike
0-1: Ball
1-1: Ball
2-1: Foul Ball, location: 2F
2-2: Ball
3-2: Foul Ball, location: 2F
3-2: Ground out 5-3 (Groundball, 56S)
Bottom of the 4th over - 0 runs, 2 hits, 0 errors, 3 left on base; Purdue 3 - Arizona 1
TOP OF THE 5TH
Purdue Boilermakers batting - Pitching for Arizona Wildcats : RHP Carl Hart
Batting: LHB Harry Hamilton 0-0: Ground out 4-3 (Groundball, 34)
Batting: RHB Rafael Castro 0-0: Fly out, F5 (Popup, 5F)
Batting: SHB Bryan Atkins 0-0: Ball
1-0: Ball
2-0: Foul Ball, location: 2F
2-1: Ground out 4-3 (Groundball, 4M)
Top of the 5th over - 0 runs, 0 hits, 0 errors, 0 left on base; Purdue 3 - Arizona 1
BOTTOM OF THE 5TH
Arizona Wildcats batting - Pitching for Purdue Boilermakers : RHP Ken Jones
Batting: RHB José Luján 0-0: Ball
1-0: Foul Ball, location: 2F
1-1: Called Strike
1-2: Ball
2-2: Foul Ball, location: 2F
2-2: DOUBLE (Line Drive, 78D)
Batting: RHB Edison Jones 0-0: Fly out, F7 (Flyball, 7S)
Batting: RHB Jon Hartley 0-0: Ball
1-0: Called Strike
1-1: Swinging Strike
1-2: Ball
2-2: Foul Ball, location: 2F
2-2: Foul Ball, location: 2F
2-2: Ball
3-2: Ground out 5-3 (Groundball, 56S)
José Luján to third
Pitching: LHP Christian Rousseau
Batting: SHB José Acevedo 0-0: Swinging Strike
0-1: Foul Ball, location: 2F
0-2: Ball
1-2: Foul Ball, location: 2F
1-2: Strikes out swinging
Bottom of the 5th over - 0 runs, 1 hit, 0 errors, 1 left on base; Purdue 3 - Arizona 1
TOP OF THE 6TH
Purdue Boilermakers batting - Pitching for Arizona Wildcats : RHP Carl Hart
Batting: RHB Mark Jackson 0-0: Ball
1-0: Ball
2-0: SINGLE (Line Drive, 9S)
Batting: RHB Brian McCoy 0-0: Swinging Strike
0-1: Ball
1-1: Called Strike
1-2: Foul Ball, location: 2F
1-2: Foul Ball, location: 2F
1-2: Ball
2-2: Fly out, F8 (Flyball, 8RD)
Batting: RHB Mark Jordan 0-0: SINGLE (Groundball, 6MD)
Mark Jackson to second
Batting: RHB Lee Justice 0-0: Ball
1-0: Called Strike
1-1: Called Strike
1-2: Strikes out swinging
Batting: RHB Dan Osborne 0-0: Ball
1-0: Foul Ball, location: 2F
1-1: SINGLE (Line Drive, 7LS)
Mark Jackson to third
Mark Jordan to second
Runner from 3rd tries for Home, SAFE, throw made home
Batting: RHB Enrique Benítez 0-0: Ball
1-0: SINGLE (Groundball, 56D)
Mark Jordan to third
Dan Osborne to second
Runner from 3rd tries for Home, SAFE, throw made home
Pitching: RHP Thomas Frost
Batting: LHB Harry Hamilton 0-0: Called Strike
0-1: Foul Ball, location: 2F
0-2: Strikes out looking
Top of the 6th over - 2 runs, 4 hits, 0 errors, 2 left on base; Purdue 5 - Arizona 1
BOTTOM OF THE 6TH
Arizona Wildcats batting - Pitching for Purdue Boilermakers : LHP Christian Rousseau
Batting: RHB Thomas Bravo 0-0: Ground out 6-3 (Groundball, 6)
Batting: RHB Tom Rose 0-0: Ball
1-0: Called Strike
1-1: Ball
2-1: Ball
3-1: Base on Balls
Batting: SHB Andrew Walters 0-0: Called Strike
0-1: Foul Ball, location: 2F
0-2: Ball
1-2: Fly out, F7 (Flyball, 7LM)
Batting: RHB Nate Fisher 0-0: SINGLE (Line Drive, 7S)
Tom Rose to second
Batting: RHB Sergio Genera 0-0: Ball
1-0: Foul Ball, location: 2F
1-1: Ground out 6-3 (Groundball, 56D)
Bottom of the 6th over - 0 runs, 1 hit, 0 errors, 2 left on base; Purdue 5 - Arizona 1
TOP OF THE 7TH
Purdue Boilermakers batting - Pitching for Arizona Wildcats : RHP Thomas Frost
Batting: RHB Rafael Castro 0-0: Ball
1-0: Ground out 5-3 (Groundball, 56)
Batting: SHB Bryan Atkins 0-0: Called Strike
0-1: Called Strike
0-2: Foul Ball, location: 2F
0-2: Strikes out swinging
Batting: RHB Mark Jackson 0-0: Ball
1-0: Fly out, F7 (Flyball, 78S)
Top of the 7th over - 0 runs, 0 hits, 0 errors, 0 left on base; Purdue 5 - Arizona 1
BOTTOM OF THE 7TH
Arizona Wildcats batting - Pitching for Purdue Boilermakers : LHP Christian Rousseau
Batting: RHB José Luján 0-0: Ball
1-0: Foul Ball, location: 2F
1-1: Swinging Strike
1-2: Ball
2-2: Foul Ball, location: 2F
2-2: Ball
3-2: Ground out 5-3 (Groundball, 5L)
Batting: RHB Edison Jones 0-0: Ball
1-0: Called Strike
1-1: Ground out 6-3 (Groundball, 6)
Batting: RHB Jon Hartley 0-0: Called Strike
0-1: Fly out, F4 (Popup, 4M)
Bottom of the 7th over - 0 runs, 0 hits, 0 errors, 0 left on base; Purdue 5 - Arizona 1
TOP OF THE 8TH
Purdue Boilermakers batting - Pitching for Arizona Wildcats : RHP Thomas Frost
Batting: RHB Brian McCoy 0-0: Fly out, F9 (Flyball, 89D)
Batting: RHB Mark Jordan 0-0: SINGLE (Line Drive, 9LM)
Batting: RHB Lee Justice 0-0: Ball
1-0: Foul Ball, location: 2F
1-1: Ball
2-1: Foul Ball, location: 2F
2-2: Ball
3-2: Strikes out looking
Mark Jordan is caught stealing 2nd base
Batter strikes out.
Top of the 8th over - 0 runs, 1 hit, 0 errors, 0 left on base; Purdue 5 - Arizona 1
BOTTOM OF THE 8TH
Arizona Wildcats batting - Pitching for Purdue Boilermakers : LHP Christian Rousseau
Batting: SHB José Acevedo 0-0: Ball
1-0: Ball
2-0: Ball
3-0: Base on Balls
Batting: RHB Thomas Bravo 0-0: Ball
1-0: Ball
2-0: Grounds into double play, 4-6-3 (Groundball, 4)
Batting: RHB Tom Rose 0-0: Called Strike
0-1: Ball
1-1: Foul Ball, location: 2F
1-2: Ball
2-2: Foul Ball, location: 2F
2-2: Ball
3-2: Base on Balls
Batting: SHB Andrew Walters 0-0: Ball
1-0: Swinging Strike
1-1: Ball
2-1: Ball
3-1: Fielders Choice at 2nd, 6-4 (Groundball, 6)
Bottom of the 8th over - 0 runs, 0 hits, 0 errors, 1 left on base; Purdue 5 - Arizona 1
TOP OF THE 9TH
Purdue Boilermakers batting - Pitching for Arizona Wildcats : RHP Thomas Frost
Batting: RHB Dan Osborne 0-0: Foul Ball, location: 2F
0-1: Ball
1-1: Swinging Strike
1-2: Foul Ball, location: 2F
1-2: Ball
2-2: Foul Ball, location: 2F
2-2: Ball
3-2: Foul Ball, location: 2F
3-2: Base on Balls
Batting: RHB Enrique Benítez 0-0: Swinging Strike
0-1: Ball
1-1: Ball
2-1: Ball
3-1: Foul Ball, location: 2F
3-2: Foul Ball, location: 2F
3-2: Base on Balls
Dan Osborne to second
Batting: LHB Harry Hamilton 0-0: Ball
1-0: Foul Ball, location: 2F
1-1: Swinging Strike
1-2: Strikes out looking
Batting: RHB Rafael Castro 0-0: Ball
1-0: Called Strike
1-1: Ball
2-1: Ball
3-1: Foul Ball, location: 2F
3-2: Base on Balls
Dan Osborne to third
Enrique Benítez to second
Batting: SHB Bryan Atkins 0-0: Called Strike
0-1: Ball
1-1: Swinging Strike
1-2: Strikes out swinging
Batting: RHB Mark Jackson 0-0: Ball
1-0: Ball
2-0: SINGLE (Groundball, 5S) (infield hit)
Dan Osborne scores
Enrique Benítez to third
Rafael Castro to second
Batting: RHB Brian McCoy 0-0: Fly out, F9 (Flyball, 89S)
Top of the 9th over - 1 run, 1 hit, 0 errors, 3 left on base; Purdue 6 - Arizona 1
BOTTOM OF THE 9TH
Arizona Wildcats batting - Pitching for Purdue Boilermakers : LHP Christian Rousseau
Now in LF: Aaron Baker
Batting: RHB Nate Fisher 0-0: Ball
1-0: Ball
2-0: Swinging Strike
2-1: Ball
3-1: Base on Balls
Batting: RHB Sergio Genera 0-0: Swinging Strike
0-1: Ball
1-1: Called Strike
1-2: Ball
2-2: Strikes out swinging
Pitching: RHP Bill Washington
Batting: RHB José Luján 0-0: Ball
1-0: Ball
2-0: Called Strike
2-1: Ball
3-1: Base on Balls
Nate Fisher to second
Batting: RHB Edison Jones 0-0: Foul Ball, location: 2F
0-1: Ball
1-1: Swinging Strike
1-2: Ball
2-2: Foul Ball, location: 2F
2-2: Foul Ball, location: 2F
2-2: Ground out 5-3 (Groundball, 56S)
Nate Fisher to third
José Luján to second
Batting: RHB Jon Hartley 0-0: Foul Ball, location: 2F
0-1: Ball
1-1: Ball
2-1: Swinging Strike
2-2: Foul Ball, location: 2F
2-2: Ball
3-2: Foul Ball, location: 2F
3-2: Base on Balls
Pitching: RHP Preston Williams
Batting: SHB José Acevedo 0-0: Called Strike
0-1: Fly out, F8 (Flyball, 8RM)
Bottom of the 9th over - 0 runs, 0 hits, 0 errors, 3 left on base; Purdue 6 - Arizona 1
Saturday, December 16th, 2017 - OOTP Baseball 18.8 Build 76